 Dungeon Crawl Stone Soup version 0.29.1-13-g9f3cf754e1 (webtiles) character file.

Game seed: 3415937411828134743

21 GeoRichter the Trooper (level 2, 0/27 HPs)
             Began as a Minotaur Fighter on Jan 20, 2023.
             Succumbed to a kobold's poison
             ... on level 1 of the Dungeon.
             The game lasted 00:00:47 (379 turns).

GeoRichter the Trooper (Minotaur Fighter)            Turns: 379, Time: 00:00:47

Health: 0/27       AC:  6    Str: 20    XL:     2   Next: 62%
Magic:  1/1        EV:  9    Int:  5    God:
Gold:   29         SH:  4    Dex:  9    Spells: 1/1 levels left

rFire   . . .      SeeInvis .   a - +0 flail
rCold   . . .      Faith    .   c - +0 buckler
rNeg    . . .      Spirit   .   b - +0 scale mail
rPois   .          Reflect  .   (helmet restricted)
rElec   .          Harm     .   (no cloak)
rCorr   .          Rampage  .   (no gloves)
Will    .....                   (no boots)
Stlth   ..........              (no amulet)
HPRegen 0.09/turn               (no ring)
MPRegen 0.07/turn               (no ring)

@: lethally poisoned (0 -> -19)
A: horns 2, retaliatory headbutt
a: no special abilities


You were on level 1 of the Dungeon.
You visited 1 branch of the dungeon, and saw 1 of its levels.

You collected 29 gold pieces.

Inventory:

Hand Weapons
 a - a +0 flail (weapon)
Armour
 b - a +0 scale mail (worn)
 c - a +0 buckler (worn)
Scrolls
 e - a scroll of fear {unknown}
 g - a scroll of vulnerability {unknown}
 h - 4 scrolls of identify {unknown}
 i - a scroll of blinking {unknown}
 j - a scroll of noise {unknown}
Potions
 d - a potion of might
 f - a potion of invisibility {unknown}


   Skills:
 + Level 4.0 Fighting
 * Level 3.5 Maces & Flails
 - Level 3.6 Armour
 - Level 3.6 Shields


You had one spell level left.
You didn't know any spells.
Your spell library was empty.

Dungeon Overview and Level Annotations

Branches:
Dungeon (1/15) Zot: 5612

Altars:


Innate Abilities, Weirdness & Mutations

You have a pair of horns on your head.
You reflexively headbutt those who attack you in melee.


Message History

No target in view!
h - a scroll labelled REME NEICERI You now have 29 gold pieces (gained 9).
You see here a ball python corpse.
h - 2 scrolls labelled REME NEICERI (gained 1)
h - 3 scrolls labelled REME NEICERI (gained 1)
Found a scroll labelled PALICWUOFA.
i - a scroll labelled DEONTA VAIGULO
j - a scroll labelled PALICWUOFA
Found a scroll labelled REME NEICERI.
A rat comes into view.
Found a club.
A rat is nearby!
A rat is nearby!
Found 11 gold pieces.
The rat barely misses you.
You closely miss the rat. You headbutt the rat.
You kill the rat!
No target in view!
h - 4 scrolls labelled REME NEICERI (gained 1)
A kobold comes into view. It is wielding a +1 dagger of venom.
The kobold shouts!
A kobold is nearby!
A kobold is nearby!
An endoplasm comes into view.
Found a leather armour, a book of Debilitation and a fizzy green potion.
The endoplasm quivers.
You see here a rat corpse.
The kobold hits you with a +1 dagger of venom.
You are poisoned.
You hit the kobold.
You feel very sick. The kobold hits you but does no damage.
The kobold hits you with a +1 dagger of venom.
You are lethally poisoned!
You miss the kobold.
You feel very sick. The kobold hits you but does no damage.
You are more poisoned.
The endoplasm hits you but does no damage.
Unknown command.
You closely miss the kobold. You headbutt the kobold.
You kill the kobold!
* * * LOW HITPOINT WARNING * * *
You feel extremely sick. The endoplasm freezes you.
You are frozen.
* * * LOW HITPOINT WARNING * * *
You sock the endoplasm!
You kill the endoplasm!
You die...

#.## ... .. ###.
#.# .# .... #.# .
.... # #.# .###
#... #.:
####.##...$ .)..
#.[..##........#
....
#.....)@.....###
..#.
#....###†......# .
## #.. #....###...
# ......#....#
##...J##...## #..!.
##...# #....
#.#...####### ##.##
#.##........#
#..####..##.##....#


There were no monsters in sight!

Vanquished Creatures
  A dart slug (D:1)
  3 bats (D:1)
  3 endoplasms (D:1)
  2 goblins (D:1)
  3 hobgoblins (D:1)
  A quokka (D:1)
  2 ball pythons (D:1)
  A frilled lizard (D:1)
  A kobold (D:1)
  A rat (D:1)
18 creatures vanquished.

Notes
Turn   | Place    | Note
-------+----------+-------------------------------------------
     0 | D:1      | GeoRichter the Minotaur Fighter began the quest for the
                  | Orb.
     0 | D:1      | Reached XP level 1. HP: 19/19 MP: 0/0
   105 | D:1      | Reached XP level 2. HP: 22/27 MP: 1/1
   203 | D:1      | Reached skill level 4 in Fighting
   379 | D:1      | Succumbed to a kobold's poison

Illustrated notes

Levels and vault maps discovered:
D:1:      sevenhm_arrival_forest_fort_large_2, layout_rooms,
          ebering_ecumenical_altar_petrified, minmay_pentomino_t4

Skill      XL: |  1  2 |
---------------+-------+-----
Maces & Flails | 3 |  3.5
Fighting       | 4 |  4.0
Armour         | |  3.6
Shields        | |  3.6

Action                   || total
-------------------------++-------
Melee: Flail             ||    32
       Headbutt          ||     5
Armor: Scale mail        ||    11
Dodge: Dodged            ||    14
Block: Buckler           ||    11
